 Dungeon Crawl Stone Soup version 0.25-a0-458-g6fc7858b95 (webtiles) character file.

Game seed: 6034968176193500488, levelgen mode: deterministic

3 Defined the Charlatan (level 1, -3/20 HPs)
             Began as a Gnoll Wanderer on Feb 2, 2020.
             Slain by a gnoll
             ... wielding a +0 spear
              (5 damage)
             ... on level 1 of the Dungeon.
             The game lasted 00:02:25 (150 turns).

Defined the Charlatan (Gnoll Wanderer)               Turns: 150, Time: 00:02:25

Health: -3/20      AC:  6    Str: 12    XL:     1   Next: 50%
Magic:  3/3        EV: 10    Int: 15    God:
Gold:   0          SH:  0    Dex: 15    Spells: 0/0 levels left

rFire    . . .     SeeInvis .   a - +0 hand axe
rCold    . . .     Gourm    .   (no shield)
rNeg     . . .     Faith    .   b - +0 ring mail
rPois    .         Spirit   .   (no helmet)
rElec    .         Reflect  .   (no cloak)
rCorr    .         Harm     .   (no gloves)
MR       .....                  (no boots)
Stlth    +.........             (no amulet)
HPRegen  0.06/turn              (no ring)
MPRegen  0.08/turn              (no ring)

@: no status effects
A: distributed training, fangs 1, strong nose
a: no special abilities


You were on level 1 of the Dungeon.
You were not hungry.

You visited 1 branch of the dungeon, and saw 1 of its levels.

Inventory:

Hand Weapons
 a - a +0 hand axe (weapon)
Armour
 b - a +0 ring mail (worn)
Miscellaneous
 c - a fan of gales (inert)
Comestibles
 d - a ration


   Skills:
 + Level 4.4 Fighting
 + Level 0.0 Short Blades
 + Level 0.0 Long Blades
 + Level 2.3 Axes
 + Level 0.0 Maces & Flails
 + Level 0.0 Polearms
 + Level 0.0 Staves
 + Level 0.0 Slings
 + Level 0.0 Bows
 + Level 0.0 Crossbows
 + Level 0.0 Throwing
 + Level 4.4 Armour
 + Level 0.0 Dodging
 + Level 0.0 Stealth
 + Level 0.0 Shields
 + Level 0.0 Unarmed Combat
 + Level 0.0 Spellcasting
 + Level 0.0 Conjurations
 + Level 0.0 Hexes
 + Level 0.0 Charms
 + Level 0.0 Summonings
 + Level 0.0 Necromancy
 + Level 0.0 Translocations
 + Level 1.9 Transmutations
 + Level 3.6 Fire Magic
 + Level 0.0 Ice Magic
 + Level 0.0 Air Magic
 + Level 0.0 Earth Magic
 + Level 0.0 Poison Magic
 + Level 0.1 Invocations
 + Level 4.4 Evocations


You couldn't memorise any spells.
You didn't know any spells.
Your spell library was empty.

Dungeon Overview and Level Annotations

Branches:
Dungeon (1/15)

Altars:


Innate Abilities, Weirdness & Mutations

Your experience applies equally to all skills.
You have very sharp teeth.
Your uncanny sense of smell can sniff out nearby items.


Message History

You close the large door.
A gnoll opens the large door.
You close the large door.
A gnoll opens the large door.
There isn't anything to butcher here.
There isn't anything to butcher here.
You close the large door.
A gnoll opens the large door.
There isn't anything to butcher here.
You close the large door.
A gnoll opens the large door.
The gnoll hits you with a +0 spear.
* * * LOW HITPOINT WARNING * * *
You barely miss the gnoll. The gnoll barely misses you.
You hit the gnoll.
The gnoll is lightly wounded.
The gnoll barely misses you. The gnoll hits you with a +0 spear.
* * * LOW HITPOINT WARNING * * *
You barely miss the gnoll.
The gnoll is lightly wounded.
The gnoll hits you with a +0 spear.
You die...

.......... ...........
..........#+#
.........=..##.≈≈≈≈
............##.≈..
............##.≈.#######
............##.≈8#≈≈≈≈≈#
#........#.##.≈.#≈...≈#
#....#@###.##.≈(#≈.#.≈#
#... +g....##.≈8#≈.#.≈#
#. #........≈.#≈.#.≈#
###.......?'..#g.'
#........'..#..'
#......≈.#≈.#.≈#
#......≈8#≈.#.≈#
#......≈.#≈.#.≈#
#......≈.#≈.).≈#


You could see a gnoll.

Vanquished Creatures
  A dart slug (D:1)
  A kobold (D:1)
2 creatures vanquished.

Notes
Turn   | Place    | Note
-------+----------+-------------------------------------------
     0 | D:1      | Defined the Gnoll Wanderer began the quest for the Orb.
     0 | D:1      | Defined set off with the following items: a +0 hand axe, a
                  | +0 ring mail, a fan of gales, a ration
     0 | D:1      | Reached XP level 1. HP: 20/20 MP: 3/3
   150 | D:1      | Slain by a gnoll

Levels and vault maps discovered:
D:1:      lightli_arrival_isolated_outpost, layout_basic,
          hangedman_abyss_or_decor_stabs, minmay_misc_feat_chi

Action                   || total
-------------------------++-------
Melee: Hand axe          ||    14
       Bite              ||     1
Evoke: Fan of gales      ||     1
Armor: Ring mail         ||    11
Dodge: Dodged            ||    10

Table legend:
 A = Non-vault XP
 B = Vault XP
 C = Vault XP percentage of total XP
 D = Non-vault monster count
 E = Vault monster count
 F = Vault count percentage of total count
                 A         B        C        D         E       F
            +---------+---------+-------+---------+---------+-------
      Total |       5 |       0 |   0.0 |       2 |       0 |   0.0
            +---------+---------+-------+---------+---------+-------
        D:1 |       5 |       0 |   0.0 |       2 |       0 |   0.0
            +---------+---------+-------+---------+---------+-------
